 Dungeon Crawl Stone Soup version 0.27-a0-362-g8331d79 (webtiles) character file.

Game seed: 10965129180035674895

2192 MrTaco21 the Basher (level 9, -9/51 HPs)
             Began as a Gargoyle Fighter on Feb 16, 2021.
             Mangled by an ogre
             ... wielding a +0 giant spiked club
              (19 damage)
             ... on level 6 of the Dungeon.
             The game lasted 00:08:17 (7978 turns).

MrTaco21 the Basher (Gargoyle Fighter)              Turns: 7978, Time: 00:08:17

Health: -9/51      AC: 25    Str: 23    XL:     9   Next: 33%
Magic:  9/9        EV:  4    Int: 15    God:
Gold:   398        SH:  9    Dex:  9    Spells: 8/8 levels left

rFire    . . .     SeeInvis .   a - +0 flail
rCold    + . .     Faith    .   c - +0 kite shield
rNeg     + . .     Spirit   .   i - +0 plate armour
rPois    ∞         Reflect  .   (no helmet)
rElec    +         Harm     .   v - +2 cloak
rCorr    .         Rampage  .   x - +0 pair of gloves
Will     .....                  b - +2 pair of boots
Stlth    ..........             (no amulet)
HPRegen  0.17/turn              f - +6 ring of intelligence
MPRegen  0.11/turn              o - ring of protection from cold

@: no status effects
A: negative energy resistance 1, electricity resistance, unbreathing,
petrification resistance, miasma immunity, AC +6
a: no special abilities


You were on level 6 of the Dungeon.
You visited 2 branches of the dungeon, and saw 7 of its levels.

You collected 398 gold pieces.

Inventory:

Hand Weapons
 a - a +0 flail (weapon)
Armour
 b - a +2 pair of boots (worn)
   (You found it on level 2 of the Dungeon)
 c - a +0 kite shield (worn)
 i - a +0 plate armour (worn)
   (You found it on level 1 of the Dungeon)
 v - a +2 cloak (worn)
   (You found it on level 5 of the Dungeon)
 x - a +0 pair of gloves (worn)
   (You found it on level 5 of the Dungeon)
 C - a +0 troll leather armour
   (You found it on level 6 of the Dungeon)
Jewellery
 f - a +6 ring of intelligence (left hand)
   (You found it on level 1 of the Dungeon)
 o - a ring of protection from cold (right hand)
   (You found it on level 4 of the Dungeon)
 B - a +6 ring of dexterity {unknown}
   (You found it on level 6 of the Dungeon)
 D - a ring of poison resistance {unknown}
   (You found it on level 6 of the Dungeon)
Wands
 d - a wand of iceblast (7)
   (You found it on level 6 of the Dungeon)
 t - a wand of flame (16)
   (You took it off Dowan on level 4 of the Dungeon)
Scrolls
 e - 10 scrolls of identify {unknown}
 g - 3 scrolls of immolation {unknown}
 j - 4 scrolls of enchant armour {unknown}
 k - a scroll of fear {unknown}
 l - 4 scrolls of teleportation {unknown}
 n - a scroll of enchant weapon {unknown}
 q - a scroll of blinking {unknown}
 r - a scroll of noise {unknown}
 w - a scroll of magic mapping {unknown}
Potions
 h - a potion of mutation {unknown}
 m - 3 potions of curing {unknown}
 p - 2 potions of attraction {unknown}
 s - a potion of ambrosia {unknown}
 u - 2 potions of brilliance {unknown}
 y - 7 potions of might
 z - a potion of heal wounds {unknown}
 A - 2 potions of berserk rage {unknown}
 E - a potion of cancellation {unknown}


   Skills:
 - Level 3.2 Fighting
 - Level 12.0 Maces & Flails
 + Level 3.3 Armour
 + Level 3.3 Shields


You had 8 spell levels left.
You didn't know any spells.
Your spell library was empty.

Dungeon Overview and Level Annotations

Branches:
Dungeon (6/15)             Temple (1/1) D:5

Altars:
Ashenzari
Cheibriados
Dithmenos
Elyvilon
Fedhas
Hepliaklqana
Kikubaaqudgha
Makhleb
Okawaru
Qazlal
Sif Muna
Trog
Uskayaw
Vehumet
Xom
Yredelemnul
The Shining One


Innate Abilities, Weirdness & Mutations

You are resistant to torment.
Your stone body is resilient. (AC +6)
You are immune to poison.
You resist negative energy. (rN+)
You are resistant to electric shocks. (rElec)
You can survive without breathing.
You are immune to petrification.
You are immune to miasma.


Message History

You block the white imp's attack.
You closely miss the white imp.
The white imp hits you but does no damage.
You hit the white imp but do no damage. The white imp gestures at you.
The puff of frost hits you but does no damage.
You sock the white imp!
You kill the white imp!
Training target 12.0 for Maces & Flails reached!
Your Maces & Flails skill increases to level 12!
You need to enable at least one skill for training.
Setting a skill training target for Shields at 15.0.
Found 18 arrows.
A worker ant comes into view.
Found a scroll labelled CIDUGE DEDEG.
A worker ant is nearby!
A worker ant is nearby!
Found 18 stones and a chain mail.
The worker ant barely misses you.
You hit the worker ant. You block the worker ant's attack.
The worker ant bites you but does no damage.
You closely miss the worker ant.
The worker ant bites you but does no damage.
You sock the worker ant!
You kill the worker ant!
No target in view!
No target in view!
No target in view!
No target in view!
No target in view!
No target in view!
No target in view!
No target in view!
No target in view!
Found a murky coppery potion.
E - a murky coppery potion An ogre comes into view.
It is wielding a +0 giant spiked club.
An ogre is nearby!
An ogre is nearby!
The ogre hits you with a +0 giant spiked club!
You hit the ogre but do no damage. You hit the ogre.
The ogre hits you with a +0 giant spiked club!
You thump the ogre!
The ogre hits you with a +0 giant spiked club!!
* * * LOW HITPOINT WARNING * * *
You sock the ogre! The ogre hits you but does no damage.
You hit the ogre.
The ogre hits you with a +0 giant spiked club!!
You die...

####......# #####....##
####.### #[(#.####.# #.#
#?(#.# #.#
#.#######..###.# #.#
#.#.....# ###.####.#
#.#.###.# ..##.#..##
#.#...#S###..##.#..#
#.#.###.#.O# #.#†######
#...###.#.@####.#....'.#
####....###....##.88.#.#
#.......# #######.88.#.#
#.##.##.#### #....#.####
#.##.##....# ######.....
#.##.#####.#### #####.
#.#......#....# #.
#....###.#.##.## #.
###.##÷..#S...)# #.


You could see an ogre.

Vanquished Creatures
  A troll (D:6)
  Prince Ribbit (D:6)
  Duvessa (D:4)
  An orc warrior (D:6)
  A sky beast (D:6)
  A necrophage (D:5)
  3 ogres
  2 centaurs (D:5)
  A phantom (D:5)
  A bullfrog (D:6)
  Dowan (D:4)
  A scorpion (D:6)
  2 bullfrog zombies (D:5)
  2 jellies
  3 orc priests
  A centaur skeleton (D:4)
  Terence (D:3)
  2 iguanas
  An orc wizard (D:5)
  6 worker ants
  A hound skeleton (D:6)
  4 gnolls (D:5)
  7 adders
  A white imp (D:6)
  An ufetubus (D:5)
  An ooze (D:1)
  An adder skeleton (D:5)
  A worm (D:3)
  5 dart slugs
  5 leopard geckos
  9 orcs
  5 giant cockroaches
  10 goblins
  12 hobgoblins
  8 jackals
  6 kobolds
  A quokka (D:2)
  3 ball pythons
  11 bats
  10 frilled lizards
  2 leopard gecko skeletons
  8 rats
145 creatures vanquished.

Vanquished Creatures (others)
  A goblin (D:2)
  4 toadstools (D:1)
5 creatures vanquished.

Grand Total: 150 creatures vanquished

Notes
Turn   | Place    | Note
-------+----------+-------------------------------------------
     0 | D:1      | MrTaco21 the Gargoyle Fighter began the quest for the Orb.
     0 | D:1      | Reached XP level 1. HP: 14/14 MP: 1/1
   178 | D:1      | Reached XP level 2. HP: 13/19 MP: 2/2
   410 | D:1      | Reached skill level 3 in Maces & Flails
   528 | D:1      | Reached XP level 3. HP: 21/23 MP: 3/3
   997 | D:2      | Found a shimmering altar of Xom.
   999 | D:2      | Found a shimmering altar of Xom.
   999 | D:2      | Found a shimmering altar of Xom.
  1001 | D:2      | Found a shimmering altar of Xom.
  1001 | D:2      | Found a shadowy altar of Dithmenos.
  1001 | D:2      | Found a hazy altar of Hepliaklqana.
  1007 | D:2      | Reached skill level 4 in Maces & Flails
  1096 | D:2      | Found a radiant altar of Vehumet.
  1147 | D:2      | Reached XP level 4. HP: 25/28 MP: 4/4
  1270 | D:2      | Found an iron altar of Okawaru.
  2497 | D:3      | Reached skill level 5 in Maces & Flails
  2497 | D:3      | Reached XP level 5. HP: 9/32 MP: 5/5
  2507 | D:3      | HP: 1/32 [worm (7)]
  2867 | D:3      | Noticed Terence
  2873 | D:3      | Killed Terence
  3525 | D:4      | Noticed Dowan
  3526 | D:4      | Noticed Duvessa
  3575 | D:4      | Killed Duvessa
  3576 | D:4      | Reached skill level 6 in Maces & Flails
  3576 | D:4      | Reached XP level 6. HP: 33/37 MP: 6/6
  3587 | D:4      | Killed Dowan
  4105 | D:4      | Reached skill level 7 in Maces & Flails
  4176 | D:5      | Entered Level 5 of the Dungeon
  4269 | D:5      | Found a staircase to the Ecumenical Temple.
  4282 | Temple   | Entered the Ecumenical Temple
  4592 | Temple   | Reached XP level 7. HP: 41/41 MP: 7/7
  4748 | D:5      | Reached skill level 8 in Maces & Flails
  5035 | D:5      | Reached skill level 9 in Maces & Flails
  5035 | D:5      | Reached XP level 8. HP: 43/46 MP: 8/8
  5852 | D:6      | Reached skill level 10 in Maces & Flails
  6412 | D:6      | Noticed Prince Ribbit
  6882 | D:6      | Found a basalt altar of Yredelemnul.
  6951 | D:6      | Reached skill level 11 in Maces & Flails
  7161 | D:6      | Noticed a troll
  7179 | D:6      | Killed a troll
  7180 | D:6      | Reached XP level 9. HP: 5/51 MP: 9/9
  7673 | D:6      | Killed Prince Ribbit
  7948 | D:6      | Reached skill level 12 in Maces & Flails
  7978 | D:6      | Mangled by an ogre

Illustrated notes

Levels and vault maps discovered:
D:1:      psy_arrival_conway, layout_rooms, minmay_gold_behind_fungi,
          minmay_3d_cube
D:2:      layout_loops_cross, doesnt_xom_only_xom, fiery_altar_vehumet,
          general_overflow_altar
D:3:      layout_loops_cross, uniq_terence
D:4:      layout_loops_ring, minmay_goblin_kobold_house, uniq_duvessa
D:5:      layout_loops_ring, minmay_temple_entry_grid
D:6:      minmay_chambers_of_fours, layout_basic, yredelemnul_altar_generic,
          kennysheep_generic_room_8, uniq_prince_ribbit1
Temple:   minmay_temple_bridge_abc

Skill      XL: |  1  2  3  4  5  6  7  8  9 |
---------------+----------------------------+-----
Maces & Flails | 3 4 5 6 7 9 11 12 | 12.0
Fighting       | |  3.2
Armour         | |  3.3
Shields        | |  3.3

Action                   |  1- 3 |  4- 6 |  7- 9 || total
-------------------------+-------+-------+-------++-------
Melee: Flail             |   148 |   256 |   342 ||   746
Armor: Scale mail        |    70 |       |       ||    70
       Plate armour      |    12 |   221 |   210 ||   443
Dodge: Dodged            |    45 |    37 |    61 ||   143
Block: Kite shield       |    84 |   163 |   144 ||   391

Table legend: (Time is in decaauts)
 A = Elapsed time spent in this place.
 B = Non-inter-level travel time spent in this place.
 C = Inter-level travel time spent in this place.
 D = Time resting spent in this place.
 E = Time spent auto-exploring this place.
 F = Levels seen in this place.
 G = Mean time per level.
                   A        B        C        D        E       F      G
               +--------+--------+--------+--------+--------+-----+--------+
         Total |   8197 |   7879 |    318 |   2020 |   4240 |   7 | 1171.0 |
       Dungeon |   7836 |   7540 |    296 |   1883 |   4068 |   6 | 1306.0 |
        Temple |    360 |    338 |     22 |    137 |    172 |   1 |  360.0 |
               +--------+--------+--------+--------+--------+-----+--------+

Top non-repeatable levels by time:
     D:6: 1975 daAuts
     D:5: 1474 daAuts
     D:2: 1434 daAuts
     D:1: 1042 daAuts
     D:3: 1039 daAuts
     D:4: 870 daAuts
  Temple: 360 daAuts
